Map: Orbital Shipyard

Players

Montgomery

  • Race: Zerg Zerg

TTS - Winner!

  • Race: Protoss Protoss
  • League: Platinum

VOD

Have the link to the VOD?

Description

Time

  • Played on: Feb. 23, 2016, 11:31 p.m.
  • Length: 5:54
Show
View Real Time Build Order
Export as new Build Order

Montgomery Zerg 

Build Orders: Hatch First 

Get SALT Encoding   

  12  0:01  Drone  
  13  0:12  Overlord  
  13  0:18  Drone  
  14  0:31  Drone x2  
  14  0:34  Drone  
  17  0:55  Hatchery  
  16  0:58  Drone  
  17  1:12  Spawning Pool  
  17  1:15  Extractor  
  17  1:16  Drone  
  16  1:20  Drone  
  16  1:23  Drone  
  18  1:28  Drone  
  19  1:41  Overlord  
  19  1:59  Queen  
  19  2:00  Zergling x2  
  22  2:07  Queen  
  22  2:08  Drone  
  25  2:18  Drone  
  25  2:21  Spine Crawler  
  25  2:24  Metabolic Boost  
  25  2:29  Drone  
  26  2:32  Spine Crawler  
  25  2:42  Spine Crawler  
  24  2:46  Queen  
  26  2:58  Zergling x4  
  26  3:05  Zergling x2  
  29  3:12  Drone  
  28  3:29  Spine Crawler  
  26  3:38  Zergling x4  
  28  3:44  Zergling x2  
  25  4:09  Roach Warren  
  24  4:11  Drone  
  24  4:12  Drone x5  
  24  4:15  Extractor  
  27  4:17  Hatchery  
  25  4:30  Zergling x8  
  29  4:36  Drone x2  
  31  4:40  Lair  
  27  4:55  Drone x3  
  29  5:11  Drone x4  
  33  5:19  Zergling x2  
  33  5:21  Extractor  
  33  5:22  Extractor  
  32  5:29  Overlord  
Show
View Real Time Build Order
Export as new Build Order

TTS Protoss - Winner!

Build Orders: Mass Adepts 

Get SALT Encoding   

  12  0:01  Probe (Chrono Boost)  
  13  0:11  Probe (Chrono Boost)  
  14  0:20  Pylon  
  14  0:22  Probe (Chrono Boost)  
  15  0:38  Probe (Chrono Boost)  
  16  0:46  Gateway  
  16  0:49  Probe (Chrono Boost)  
  17  0:59  Probe (Chrono Boost)  
  18  1:10  Probe (Chrono Boost)  
  19  1:19  Assimilator  
  19  1:20  Probe (Chrono Boost)  
  19  1:25  Gateway, Assimilator  
  20  1:31  Probe (Chrono Boost)  
  21  1:33  Cybernetics Core  
  21  1:36  Pylon  
  21  1:42  Probe (Chrono Boost)  
  22  1:52  Probe (Chrono Boost)  
  23  1:54  Zealot (Chrono Boost)  
  25  2:02  Pylon  
  25  2:11  Mothership Core  
  29  2:16  Adept (Chrono Boost)  
  29  2:19  Adept (Chrono Boost)  
  31  2:28  Gateway  
  31  2:31  Pylon  
  31  2:37  Warp Gate (Chrono Boost)  
  31  2:43  Adept (Chrono Boost)  
  33  2:48  Adept (Chrono Boost)  
  35  3:02  Gateway  
  35  3:13  Adept  
  35  3:14  Pylon  
  37  3:30  Adept x2  
  41  3:40  Adept  
  41  3:55  Probe  
  38  4:04  Adept x2  
  38  4:07  Adept  
  44  4:14  Mothership Core  
  44  4:15  Pylon  
  46  4:18  Pylon  
  44  4:48  Pylon  
  44  5:02  Adept x4  
  44  5:05  Pylon  
  52  5:10  Pylon  
  52  5:23  Adept x4  
  60  5:44  Adept x4  
Tags
 
Add a new tag
Caveats
  • Supply blocks, unpowered buildings, or Contaminate may cause inaccurate times.
  • Supply counts are checked every 10 seconds.